 Dungeon Crawl Stone Soup version 0.28.0-45-g0d030f2227 (webtiles) character file.

Game seed: 265300532341988977

199 zeratav the Insei (level 5, -3/36 HPs)
             Began as an Octopode Transmuter on Apr 5, 2022.
             Slain by a gnoll
             ... wielding a +0 halberd
              (11 damage)
             ... on level 4 of the Dungeon.
             The game lasted 00:03:13 (3445 turns).

zeratav the Insei (Octopode Transmuter)             Turns: 3445, Time: 00:03:13

Health: -3/36      AC:  1    Str: 11    XL:     5   Next: 77%
Magic:  7/8        EV: 13    Int: 16    God:
Gold:   63         SH:  0    Dex: 12    Spells: 7/8 levels left

rFire   . . .      SeeInvis .   c - +2 dagger (drain)
rCold   . . .      Faith    .   (no shield)
rNeg    . . .      Spirit   .   (helmet currently unavailable)
rPois   .          Reflect  .   (no amulet)
rElec   .          Harm     .   (no ring)
rCorr   .          Rampage  .   (no ring)
Will    .....                   (no ring)
Stlth   ++........              (no ring)
HPRegen 0.12/turn               (no ring)
MPRegen 0.11/turn               (no ring)
                                (no ring)
                                (no ring)

@: appendages (expiring)
A: tentacle spike 3, almost no armour, amphibious, 8 rings, camouflage 1,
gelatinous body 1, (nimble swimmer 1), tentacles
a: End Transformation


You were on level 4 of the Dungeon.
One of your tentacles had grown a beastly spike.
You visited 1 branch of the dungeon, and saw 4 of its levels.

You collected 63 gold pieces.

Inventory:

Hand Weapons
 c - a +2 dagger of draining (weapon)
Scrolls
 d - 2 scrolls of fog {unknown}
 f - a scroll of vulnerability {unknown}
 h - a scroll of teleportation {unknown}
 i - 3 scrolls of identify {unknown}
 j - a scroll of fear {unknown}
 k - a scroll of enchant armour {unknown}
 l - a scroll of enchant weapon {unknown}
Potions
 a - a potion of curing {unknown}
 b - 2 potions of degeneration {unknown}
 e - a potion of heal wounds {unknown}
 g - a potion of might {unknown}
 m - a potion of lignification {unknown}


   Skills:
 * Level 3.4 Fighting
 + Level 3.1 Dodging
 * Level 4.5 Unarmed Combat
 - Level 2.0 Spellcasting
 - Level 2.0 Transmutations


You had 7 spell levels left.
You knew the following spells:

 Your Spells              Type           Power      Damage    Failure   Level
a - Beastly Appendage     Tmut           16%        N/A       9%          1

Your spell library contained the following spells:

 Spells                   Type           Power      Damage    Failure   Level
 Wereblood                Tmut           8%         N/A       14%         2
 Foxfire                  Conj/Fire      4%         2x1d4     21%         1
 Spider Form              Tmut/Pois      4%         N/A       38%         3
 Conjure Flame            Conj/Fire      1%         6-21      52%         3
 Inner Flame              Hex/Fire       1%         N/A       52%         3
 Ice Form                 Ice/Tmut       4%         N/A       80%         4
 Flame Wave               Conj/Fire      1%         2d4       90%         4


Dungeon Overview and Level Annotations

Branches:
Dungeon (4/15)
 Temple: D:4-7

Altars:
Qazlal


Innate Abilities, Weirdness & Mutations

One of your tentacles has grown a beastly spike.
You cannot wear most types of armour.
You are amphibious.
You can wear up to eight rings at the same time.
Your skin changes colour to match your surroundings (Stealth+).
Your rubbery body absorbs attacks. (AC +1, EV +1)
((You are camouflaged when in or above water. (Stealth+)))
You have tentacles for arms and can constrict up to eight enemies at once.


Message History

You are too injured to fight recklessly!
You are too injured to fight recklessly!
You are too injured to fight recklessly!
You are too injured to fight recklessly!
You are too injured to fight recklessly!
You hit the gnoll.
You pierce the gnoll.
You kill the gnoll!
Things that are here:
a +0 club; a throwing net; a +0 mace Your tentacle spike disappears.
You are too injured to fight recklessly!
You are too injured to fight recklessly!
You are too injured to fight recklessly!
Casting: Beastly Appendage (safe; 9% risk of failure)
Confirm with . or Enter, or press ? or * to list all spells.
One of your tentacles grows a vicious spike.
The gnoll shaman misses you.
You barely miss the gnoll shaman. You grab the gnoll shaman.
You pierce the gnoll shaman.
The gnoll shaman is moderately wounded.
You constrict the gnoll shaman, but do no damage.
The gnoll closely misses you.
The gnoll shaman hits you with a +0 club.
You hit the gnoll shaman.
The gnoll shaman is moderately wounded.
You constrict the gnoll shaman.
The gnoll hits you from afar with a +0 halberd!
* * * LOW HITPOINT WARNING * * *
The gnoll shaman barely misses you.
You hit the gnoll shaman.
You pierce the gnoll shaman, but do no damage.
The gnoll shaman is heavily wounded.
Your transformation is almost over.
You constrict the gnoll shaman. The gnoll barely misses you.
The gnoll shaman closely misses you.
You completely miss the gnoll shaman.
The gnoll shaman is heavily wounded.
You constrict the gnoll shaman.
The gnoll hits you from afar with a +0 halberd!
You die...

#.##.##.##
#.##.....#
#.#####..#
##<###.#.#
##...##.#
######.#
##.##
#...########
#.......@g)#
#...######g#
##### .# g#
g# .. ##


You could see a gnoll shaman and a gnoll.

Vanquished Creatures
  A phantom (D:3)
  2 gnolls (D:4)
  5 adders
  An ufetubus (D:3)
  2 worms (D:3)
  A dart slug (D:2)
  2 orcs
  5 ball pythons
  A giant cockroach (D:3)
  4 goblins
  2 hobgoblins
  3 jackals (D:2)
  4 quokkas
  6 bats
  7 kobolds
  3 rats
49 creatures vanquished.

Notes
Turn   | Place    | Note
-------+----------+-------------------------------------------
     0 | D:1      | zeratav the Octopode Transmuter began the quest for the
                  | Orb.
     0 | D:1      | Reached XP level 1. HP: 13/13 MP: 3/3
   331 | D:1      | Reached XP level 2. HP: 16/18 MP: 3/5
  1040 | D:2      | Reached XP level 3. HP: 24/24 MP: 4/6
  1209 | D:2      | Found a faded altar of an unknown god.
  1569 | D:2      | Reached XP level 4. HP: 26/30 MP: 5/7
  1795 | D:2      | Found a stormy altar of Qazlal.
  2448 | D:3      | Reached skill level 4 in Unarmed Combat
  2489 | D:3      | Noticed a phantom
  2508 | D:3      | Killed a phantom
  2509 | D:3      | Reached XP level 5. HP: 4/36 MP: 8/8
  3445 | D:4      | Slain by a gnoll

Illustrated notes

Levels and vault maps discovered:
D:1:      ebering_trefoil_twist, layout_loops_ring, minivault_25,
          minmay_quantized
D:2:      layout_basic, basic_altar, hellmonk_ecumenical_altar_dog_temple
D:3:      layout_basic
D:4:      layout_loops_ring, uniq_pikel

Skill      XL: |  1  2  3  4 |
---------------+-------------+-----
Fighting       | 2 3 |  3.4
Unarmed Combat | 4 |  4.5
Dodging        | 3 |  3.1
Spellcasting   | |  2.0
Transmutations | |  2.0

Action                   |  1- 3 |  4- 6 || total
-------------------------+-------+-------++-------
Melee: Unarmed           |    19 |       ||    19
       Constrict         |    14 |    14 ||    28
       Tentacles         |    11 |    10 ||    21
       Kick              |     7 |    16 ||    23
       Dagger            |    25 |    49 ||    74
       Punch             |     2 |       ||     2
 Cast: Beastly Appendage |    22 |    18 ||    40
 Stab: Sleeping          |     2 |     2 ||     4
Armor: Skin              |       |     1 ||     1
Dodge: Dodged            |    21 |    32 ||    53
